 Dungeon Crawl Stone Soup version 0.30.0-5-g1a98f26d00 (webtiles) character file.

Game seed: 17347305024032140998

65314 qeuew the Tortoise (level 14, -11/171 HPs)
             Began as a Minotaur Fighter on May 12, 2023.
             Was an Initiate of Gozag.
             Mangled by Donald
             ... wielding a +0 broad axe
              (15 damage)
             ... on level 2 of the Orcish Mines.
             The game lasted 00:23:37 (22238 turns).

qeuew the Tortoise (Minotaur Fighter)              Turns: 22238, Time: 00:23:38

Health: -11/171    AC: 21    Str: 32    XL:     14   Next: 75%
Magic:  13/13      EV: 15    Int:  3    God:    Gozag
Gold:   5520       SH: 13    Dex: 16    Spells: 13/13 levels left

rFire   . . .        a - +1 war axe
rCold   + . .        F - +0 kite shield {rC+}
rNeg    . . .        s - +4 chain mail
rPois   +            (helmet restricted)
rElec   .            i - +2 cloak {rPois}
rCorr   +            (no gloves)
SInv    .            (no boots)
Will    ++...        (no amulet) Stlth
                     g - ring of resist corrosion
HPRegen 0.48/turn    D - +6 ring of dexterity
MPRegen 0.13/turn

%: no passive effects
@: berserking (expiring), very quick
A: horns 2, retaliatory headbutt, frail 1, strong-willed 1, strong 2
a: Renounce Religion, Potion Petition, Call Merchant, Bribe Branch


You were on level 2 of the Orcish Mines.
You worshipped Gozag.
Gozag was greatly pleased with you.
You visited 4 branches of the dungeon, and saw 20 of its levels.
You also visited: Ice Cave.

You collected 5582 gold pieces.
You paid 62 gold pieces to Gozag.

Inventory:

Hand Weapons
 a - a +1 war axe (weapon)
Missiles
 u - a throwing net
Armour
 i - a +2 cloak of poison resistance (worn)
 s - a +4 chain mail (worn)
 F - a +0 kite shield of cold resistance (worn)
Jewellery
 g - a ring of resist corrosion (left hand)
 m - a +4 ring of protection
 D - a +6 ring of dexterity (right hand)
Wands
 h - a wand of flame (68)
 p - a wand of roots (10)
 q - a wand of acid (15)
 t - a wand of polymorph (8)
 A - a wand of paralysis (6)
Scrolls
 b - a scroll of magic mapping
 j - 2 scrolls of enchant weapon
 l - 2 scrolls of identify
 o - 7 scrolls of poison
 v - a scroll of butterflies {unknown}
 w - 2 scrolls of fear
 x - 2 scrolls of blinking
 y - 2 scrolls of teleportation
 C - a scroll of silence
 H - a scroll of fog {unknown}
Potions
 c - a potion of ambrosia {unknown}
 d - 2 potions of invisibility
 e - a potion of berserk rage
 f - 5 potions of cancellation
 k - 11 potions of curing
 n - 3 potions of flight
 r - 2 potions of mutation
 z - 5 potions of might
 B - 5 potions of heal wounds
 E - a potion of magic
 G - a potion of brilliance


   Skills:
 + Level 12.6 Fighting
 + Level 12.4 Axes
 * Level 17.1 Armour
 + Level 11.1 Dodging
 + Level 12.7 Shields
 + Level 9.3 Evocations


You had 13 spell levels left.
You didn't know any spells.
Your spell library contained the following spells:

 Spells                   Type           Power      Damage    Failure   Level
 Beastly Appendage        Tmut           0%         N/A       91%         1
 Shock                    Conj/Air       0%         1d3       91%         1
 Ensorcelled Hibernation  Hex/Ice        0%         N/A       97%         2
 Passwall                 Tmut/Erth      0%         N/A       97%         2
 Wereblood                Tmut           0%         N/A       97%         2
 Dazzling Flash           Conj/Hex       0%         N/A       100%        3
 Frozen Ramparts          Ice            0%         1d1       100%        3
 Ozocubu's Armour         Ice            0%         N/A       100%        3
 Spider Form              Tmut/Pois      0%         N/A       100%        3
 Stone Arrow              Conj/Erth      0%         3d7       100%        3
 Swiftness                Air            0%         N/A       100%        3
 Tukima's Dance           Hex            0%         N/A       100%        3
 Volatile Blastmotes      Fire/Tloc      0%         2d10      100%        3
 Airstrike                Air            0%         2d(0-16)  100%        4
 Anguish                  Hex/Necr       0%         N/A       100%        4
 Animate Armour           Summ/Erth      0%         N/A       100%        4
 Iskenderun's Mystic Bla  Conj/Tloc      0%         2d3       100%        4
 Passage of Golubria      Tloc           0%         N/A       100%        4
 Arcjolt                  Conj/Air       0%         1d10      100%        5
 Blade Hands              Tmut           0%         N/A       100%        5
 Borgnjor's Vile Clutch   Necr/Erth      0%         N/A       100%        5
 Freezing Cloud           Conj/Ice/Air   0%         6-21      100%        5
 Irradiate                Conj/Tmut      0%         3d11      100%        5
 Yara's Violent Unravell  Hex/Tmut       0%         3d3       100%        5
 Death Channel            Necr           0%         N/A       100%        6
 Plasma Beam              Fire/Air       0%         2x1d11    100%        6
 Starburst                Conj/Fire      0%         6d3       100%        6
 Dragon Form              Tmut           0%         N/A       100%        7
 Enfeeble                 Hex            0%         N/A       100%        7
 Borgnjor's Revivificati  Necr           0%         N/A       100%        8
 Lehudib's Crystal Spear  Conj/Erth      0%         10d2      100%        8
 Necromutation            Tmut/Necr      0%         N/A       100%        8
 Death's Door             Necr           0%         N/A       100%        9
 Polar Vortex             Ice            0%         N/A       100%        9
 Animate Dead             Necr           Unusable   N/A       N/A         4
 Simulacrum               Ice/Necr       Unusable   N/A       N/A         6

Dungeon Overview and Level Annotations

Branches:
Dungeon (12/15)            Temple (1/1) D:7            Lair (5/5) D:11
 Shoals (0/4) Lair:2       Spider (0/4) Lair:3        Slime (0/5) Lair:5
    Orc (2/2) D:12            Elf (0/3) Orc:2         IceCv (visited)

Altars:
Ashenzari
Cheibriados
Dithmenos
Elyvilon
Fedhas
Gozag
Hepliaklqana
Kikubaaqudgha
Makhleb
Okawaru
Qazlal
Ru
Sif Muna
Trog
Uskayaw
Wu Jian
Yredelemnul
Zin
The Shining One
Lugonu

Shops:
D:6 *

Portals:
Abyss: Lair:5

Annotations:
D:12 1 transporter, Whoops's ghost, journeyman FoFi
Lair:3 3 runed translucent doors, Feulaj's ghost, journeyman MiBe; Irhican's ghost, journeyman MiBe
Orc:2 Donald


Innate Abilities, Weirdness & Mutations

You have a pair of horns on your head.
You reflexively headbutt those who attack you in melee.
You are frail. (-10% HP)
You are strong-willed. (Will+)
Your muscles are very strong. (Str +8, Int/Dex -2)


Message History

You are too injured to fight recklessly!
You are too injured to fight recklessly!
You are too injured to fight recklessly!
You are too injured to fight recklessly!
You are too injured to fight recklessly!
Unknown command.
A red film seems to cover your vision as you go berserk!
You feel yourself moving faster!
You feel mighty! Donald hits you with a +0 broad axe!!
* * * LOW HITPOINT WARNING * * *
Unknown command.
You slash Donald! Donald blocks your attack.
Donald is moderately wounded.
You block Donald's attack.
Unknown command.
Donald blocks your attack.
Donald is moderately wounded.
Donald hits you but does no damage.
Unknown command.
Donald blocks your attack.
Donald is moderately wounded.
Donald hits you with a +0 broad axe.
* * * LOW HITPOINT WARNING * * *
Unknown command.
Donald blocks your attack.
Donald is moderately wounded.
Donald hits you with a +0 broad axe!
* * * LOW HITPOINT WARNING * * *
Unknown command.
You slice Donald!!
Donald is heavily wounded.
Donald hits you with a +0 broad axe!!
* * * LOW HITPOINT WARNING * * *
Unknown command.
You feel a strong urge to attack something.
Things that are here:
6 gold pieces; a +0 robe; a +0 dagger Donald attacks as you move away!
Donald hits you with a +0 broad axe!
You die...
Your body crumbles into a pile of gold.

### ### .##
##.##..# ...#
......## ....###
#......##
.....#.##.......##
.......#.).......#
.....>..[)<#......
$......)..## #....
###....@### ...
.......@..# .
..........##
$...###....# ....
#.........# ...
#.#...$..## ..
###.....## #.#...#
$ ###..##


You could see Donald (fast, strong, reflecting).

Vanquished Creatures
  Snorg (Lair:4)
  Josephine (Orc:2)
  5 hydras
  Erolcha (Orc:2)
  2 boulder beetles
  8 two-headed ogres
  4 thrashing horrors (Lair:5)
  2 skysharks
  2 bog bodies (IceCv)
  A deep elf pyromancer (D:10)
  2 ugly things
  4 cyclopes
  8 elephants
  A merfolk siren (Lair:2)
  Maurice (D:8)
  Joseph (D:8)
  12 cane toads
  7 black mambas
  An ice statue (IceCv)
  A torpor snail (Lair:5)
  2 smoke demons (Lair:5)
  A gargoyle (D:11)
  6 komodo dragons
  2 kobold demonologists (D:9)
  An anaconda simulacrum (IceCv)
  6 rime drakes
  An ancient zyme (Lair:5)
  A merfolk (Lair:2)
  3 trolls
  4 polar bears
  A queen bee (shapeshifter) (Lair:5)
  2 large abominations (Lair:5)
  2 hornets (D:10)
  Prince Ribbit (D:5)
  28 blink frogs
  A jumping spider (Lair:3)
  Sigmund (D:3)
  7 dream sheep (Lair:5)
  3 dire elephant simulacra (IceCv)
  4 wyverns
  2 ynoxinuls (Lair:5)
  72 yaks
  2 spriggans (Lair:5)
  5 wraiths
  A basilisk (Lair:4)
  Eustachio (D:4)
  2 death yak simulacra (IceCv)
  6 vampire mosquitoes
  2 chaos spawn (Lair:5)
  5 steam dragons
  A redback (Lair:3)
  A harpy simulacrum (IceCv)
  A warg (Orc:2)
  10 small abominations (Lair:5)
  A hydra simulacrum (IceCv)
  Duvessa (D:7)
  13 water moccasins
  2 ice beasts
  A sky beast (D:8)
  3 ogres
  5 orc warriors
  3 black bears
  8 centaurs
  A phantom (D:6)
  5 kobold brigands
  10 bullfrogs
  A scorpion (D:5)
  4 two-headed ogre simulacra (IceCv)
  3 gnoll sergeants
  3 cane toad simulacra (IceCv)
  3 wights (D:6)
  Dowan (D:7)
  An elephant simulacrum (IceCv)
  4 killer bees (D:9)
  2 howler monkeys (D:11)
  3 electric eels
  2 hounds
  A gnoll bouda (D:6)
  3 jellies
  11 orc priests
  5 troll simulacra (IceCv)
  10 hell rats
  11 orc wizards
  2 polar bear simulacra (IceCv)
  7 spriggan simulacra (IceCv)
  A wolf simulacrum (IceCv)
  18 gnolls
  3 adders
  3 naga simulacra (IceCv)
  5 white imps
  9 ufetubi (IceCv)
  5 worms
  2 dart slugs
  48 orcs
  5 endoplasms
  3 giant cockroaches
  4 hobgoblins
  6 jackals
  6 quokkas
  3 ball pythons
  5 bats
  4 frilled lizards
  2 goblins
  15 kobolds
  2 rats (D:3)
  A spectral weapon (Orc:2)
533 creatures vanquished.

Vanquished Creatures (others)
  A centaur warrior (D:8)
  An orc wizard (D:11)
  A gnoll (D:8)
3 creatures vanquished.

Grand Total: 536 creatures vanquished

Notes
Turn   | Place    | Note
-------+----------+-------------------------------------------
     0 | D:1      | qeuew the Minotaur Fighter began the quest for the Orb.
     0 | D:1      | Reached XP level 1. HP: 19/19 MP: 0/0
   191 | D:1      | Reached XP level 2. HP: 27/27 MP: 1/1
   201 | D:1      | Reached skill level 4 in Armour
   204 | D:1      | Found a faded altar of an unknown god.
   511 | D:2      | Reached XP level 3. HP: 18/33 MP: 2/2
   515 | D:2      | Reached skill level 1 in Dodging
   727 | D:2      | Reached XP level 4. HP: 37/40 MP: 3/3
  1261 | D:2      | Reached skill level 5 in Armour
  1401 | D:3      | Noticed Sigmund
  1409 | D:3      | Killed Sigmund
  1410 | D:3      | Reached skill level 1 in Evocations
  1410 | D:3      | Reached XP level 5. HP: 36/47 MP: 4/4
  1410 | D:3      | Reached XP level 6. HP: 41/53 MP: 5/5
  1554 | D:3      | Found a burning altar of Makhleb.
  1555 | D:3      | Found a hazy altar of Hepliaklqana.
  2290 | D:4      | Noticed Eustachio
  2293 | D:4      | Reached skill level 5 in Fighting
  2293 | D:4      | Reached skill level 6 in Armour
  2299 | D:4      | Killed Eustachio
  2300 | D:4      | Reached skill level 5 in Shields
  2300 | D:4      | Reached XP level 7. HP: 26/61 MP: 6/6
  2690 | D:4      | Gained mutation: You have a somewhat thin skeletal
                  | structure. (Dex +2, Stealth+) [potion of mutation]
  2690 | D:4      | Gained mutation: You are frail. (-10% HP) [potion of
                  | mutation]
  2690 | D:4      | Gained mutation: Your body sometimes deteriorates upon
                  | taking damage. [potion of mutation]
  2690 | D:4      | Gained mutation: Your flesh is heat resistant. (rF+)
                  | [potion of mutation]
  2739 | D:5      | Entered Level 5 of the Dungeon
  2825 | D:5      | Found a shadowy altar of Dithmenos.
  2858 | D:5      | Noticed Prince Ribbit
  2884 | D:5      | Killed Prince Ribbit
  2885 | D:5      | Reached skill level 7 in Armour
  2885 | D:5      | Reached XP level 8. HP: 46/62 MP: 7/7
  3169 | D:5      | Reached skill level 5 in Axes
  3491 | D:5      | Found a broken altar of Ashenzari.
  3491 | D:5      | Found a basalt altar of Yredelemnul.
  3499 | D:5      | Found a snail-covered altar of Cheibriados.
  3501 | D:5      | Found a hide-covered altar of Uskayaw.
  3503 | D:5      | Found a faded altar of an unknown god.
  3692 | D:6      | Found Zoel's General Store.
  3868 | D:6      | Reached skill level 8 in Armour
  4310 | D:6      | Lost mutation: Your body sometimes deteriorates upon taking
                  | damage. [potion of mutation]
  4310 | D:6      | Lost mutation: You have a somewhat thin skeletal structure.
                  | (Dex +2, Stealth+) [potion of mutation]
  4310 | D:6      | Lost mutation: Your flesh is heat resistant. (rF+) [potion
                  | of mutation]
  4310 | D:6      | Gained mutation: You have hidden genetic potential. [potion
                  | of mutation]
  4310 | D:6      | Gained mutation: You are strong-willed. (Will+) [potion of
                  | mutation]
  4693 | D:7      | Reached XP level 9. HP: 48/70 MP: 8/8
  4789 | D:7      | Noticed Dowan
  4791 | D:7      | Noticed Duvessa
  4801 | D:7      | Killed Duvessa
  4827 | D:7      | Killed Dowan
  4974 | D:7      | Found a glowing silver altar of Zin.
  5124 | D:7      | Found a staircase to the Ecumenical Temple.
  5270 | Temple   | Entered the Ecumenical Temple
  5352 | Temple   | Became a worshipper of Gozag Ym Sagoz the Greedy
  5479 | D:7      | Reached skill level 9 in Armour
  5597 | D:8      | Noticed Joseph
  5610 | D:8      | Reached skill level 5 in Dodging
  5624 | D:7      | Gained mutation: Your muscles are strong. (Str +4, Int/Dex
                  | -1) [hidden potential]
  5769 | D:8      | Killed Joseph
  5939 | D:8      | Noticed Maurice
  6075 | D:8      | Reached skill level 10 in Armour
  6079 | D:8      | Reached XP level 10. HP: 59/77 MP: 9/9
  6304 | D:8      | Gained mutation: Your muscles are very strong. (Str +8,
                  | Int/Dex -2) [hidden potential]
  6304 | D:8      | Lost mutation: You have hidden genetic potential. [hidden
                  | potential expressed]
  6412 | D:8      | Reached skill level 5 in Evocations
  6438 | D:8      | Noticed a centaur warrior
  6439 | D:8      | Noticed a two-headed ogre
  6440 | D:8      | Noticed a centaur warrior
  6441 | D:8      | Noticed a centaur warrior
  6482 | D:8      | Killed Maurice
  6643 | D:8      | Noticed a gargoyle
  6649 | D:8      | Killed a centaur warrior
  6771 | D:8      | Found a blossoming altar of Fedhas.
  6945 | D:9      | Noticed a two-headed ogre
  6954 | D:9      | Killed a two-headed ogre
  6955 | D:9      | Reached skill level 11 in Armour
  7113 | D:9      | Noticed a two-headed ogre
  7123 | D:9      | Killed a two-headed ogre
  7331 | D:9      | Reached XP level 11. HP: 56/85 MP: 10/10
  7662 | D:9      | Reached skill level 12 in Armour
  8028 | D:9      | Noticed a two-headed ogre
  8039 | D:9      | Killed a two-headed ogre
  8679 | D:10     | Entered Level 10 of the Dungeon
  8695 | D:10     | Noticed a two-headed ogre
  8703 | D:10     | Killed a two-headed ogre
  9894 | D:10     | Noticed a deep elf pyromancer
  9909 | D:10     | Killed a deep elf pyromancer
  9910 | D:10     | Reached skill level 13 in Armour
 10124 | D:10     | Noticed a green ugly thing
 10141 | D:10     | Killed a green ugly thing
 10147 | D:10     | Identified the +3 battleaxe "Zisa" {heavy, Fly rN+}
 10249 | D:10     | Noticed a two-headed ogre
 10255 | D:10     | Killed a two-headed ogre
 10256 | D:10     | Reached XP level 12. HP: 75/95 MP: 11/11
 10319 | D:10     | Got the Tome of the Dark Squall
 10809 | D:11     | Noticed a two-headed ogre
 10813 | D:11     | Killed a two-headed ogre
 10848 | D:11     | Reached skill level 10 in Shields
 11134 | D:11     | Reached skill level 10 in Fighting
 11403 | D:11     | Found a staircase to the Lair.
 11542 | D:11     | Noticed a two-headed ogre
 11548 | D:11     | Killed a two-headed ogre
 11827 | D:11     | Noticed a two-headed ogre
 11841 | D:11     | Killed a two-headed ogre
 11853 | D:11     | Reached skill level 10 in Axes
 12190 | Lair:1   | Entered Level 1 of the Lair of Beasts
 12207 | Lair:1   | Reached skill level 14 in Armour
 12837 | Lair:1   | Noticed a boulder beetle
 12849 | Lair:1   | Killed a boulder beetle
 13174 | Lair:1   | Reached XP level 13. HP: 69/103 MP: 12/12
 13634 | Lair:2   | HP: 4/102 [13-headed hydra (8)]
 13914 | Lair:2   | Found a frozen archway.
 13922 | IceCv    | Entered an ice cave
 15300 | IceCv    | Got Sif Muna's Writings on the Snowflakes
 15301 | IceCv    | Identified the +8 shortbow "Rynat" {freeze, rF+}
 15671 | Lair:2   | Reached skill level 15 in Armour
 16362 | Lair:2   | Found a staircase to the Shoals.
 17361 | Lair:3   | Found a hole to the Spider Nest.
 17471 | Lair:3   | Found a runed translucent gate.
 17471 | Lair:3   | Found a runed translucent gate.
 17471 | Lair:3   | Found a runed translucent gate.
 17473 | Lair:3   | Noticed Feulaj's ghost (journeyman MiBe)
 17475 | Lair:3   | Noticed Feulaj's ghost (journeyman MiBe)
 17476 | Lair:3   | Noticed Irhican's ghost (journeyman MiBe)
 17893 | Lair:4   | Reached skill level 10 in Dodging
 18422 | Lair:4   | Noticed Snorg
 18440 | Lair:4   | Killed Snorg
 19178 | Lair:5   | Entered Level 5 of the Lair of Beasts
 19238 | Lair:5   | Reached skill level 16 in Armour
 19244 | Lair:5   | Reached XP level 14. HP: 78/112 MP: 13/13
 19591 | Lair:5   | Found a staircase to the Slime Pits.
 20039 | Lair:5   | Identified the +5 demon trident "Gejaf" {venom, rElec}
 20552 | Lair:5   | Found a corrupted altar of Lugonu.
 20552 | Lair:5   | Found a one-way gate to the infinite horrors of the Abyss.
 20838 | Lair:5   | Identified the +10 falchion of Makhleb, Loving {pain,
                  | +Blink rPois MP+9 Dex-3}
 21740 | D:12     | Found a staircase to the Orcish Mines.
 21772 | D:12     | Found a transporter.
 21772 | D:12     | Noticed Whoops's ghost (journeyman FoFi)
 21803 | Orc:1    | Entered Level 1 of the Orcish Mines
 21815 | Orc:1    | Reached skill level 17 in Armour
 21918 | Orc:2    | Entered Level 2 of the Orcish Mines
 21918 | Orc:2    | Noticed Josephine
 21918 | Orc:2    | Found a staircase to the Elven Halls.
 21919 | Orc:2    | Noticed Erolcha
 21924 | Orc:2    | Killed Josephine
 21932 | Orc:2    | Killed Erolcha
 22220 | Orc:2    | Noticed Donald
 22234 | Orc:2    | HP: 3/171 [Donald/+0 broad axe (24)]
 22238 | Orc:2    | Mangled by Donald

Illustrated notes

Levels and vault maps discovered:
D:1:      lemuel_arrival_muddy, layout_rooms,
          hellmonk_ecumenical_altar_dog_temple, corexii_corridor_pit,
          minmay_pentomino_x2
D:2:      layout_loops_ring, st_stairs_12, due_unseen_surprise
D:3:      layout_loops_ring, grunt_temple_overflow_open, uniq_sigmund
D:4:      layout_loops_cross, uniq_eustachio
D:5:      layout_loops_ring, amcnicky_altar_gilded,
          chequers_temple_overflow_minitemple, uniq_prince_ribbit1
D:6:      layout_rooms, serial_shops, nicolae_stop_n_shop_2
D:7:      layout_loops_ring, mainiacjoe_overflow_brackets,
          minmay_temple_entry_arrows, hangedman_decor_opposing, uniq_duvessa
D:8:      layout_basic, overflow_temple_1_default, minivault_12, uniq_joseph,
          uniq_maurice
D:9:      minmay_inner_zag, layout_layer_cave
D:10:     layout_irregular_city, evilmike_minifort
D:11:     layout_layer_cave, david_lair_shrubbed, kennysheep_generic_room_6
D:12:     minmay_separated_statues, layout_basic, orc_0_dummy,
          gammafunk_ghost_arena, chequers_serial_rivers_small_3,
          roderic_roman_lattice, serial_park_tiny_2, uniq_nessos
Temple:   oiseaux_autumnal_temple
Lair:1:   layout_misc_corridors, nicolae_quartered_pool_medium,
          pdpol_lair_neglected_garden, amcnicky_mini_pool_medium,
          grunt_megastairs_4
Lair:2:   layout_regular_city, elwin_shoals_entry_rooms,
          portal_ice_cave_entry_pillars_2, chequers_serial_rivers_large_a
Lair:3:   layout_roguey, spider_nest_entry_a, gammafunk_ghost_cemetery,
          chequers_serial_rivers_micro_e, serial_bayou_pond_e
Lair:4:   layout_hall_layers, infiniplex_staircase_pool, grunt_megastairs_1,
          uniq_snorg
Lair:5:   hellmonk_lair_end_abyssal_woods, layout_long_grid, slime_entry_1,
          st_stairs_4, infiniplex_staircase_pool_2
Orc:1:    layout_caves, nicolae_shop_clearance
Orc:2:    st_orc_rangers, layout_diamond_mine, serial_shops, shop, uniq_donald,
          uniq_josephine, uniq_erolcha

Skill      XL: |  1  2  3  4  5  6  7  8  9 10 11 12 13 14 |
---------------+-------------------------------------------+-----
Armour         | 4 5 6 7 8 10 11 13 14 16 17 | 17.1
Fighting       | 4 5 6 7 8 9 10 11 12 | 12.6
Shields        | 4 5 6 7 8 9 10 11 12 | 12.7
Dodging        | 1 2 3 4 5 6 8 9 10 11 | 11.1
Axes           | 3 4 5 7 8 9 10 11 12 | 12.4
Evocations     | 1 2 3 4 5 6 7 8 9 |  9.3

Action                     |  1- 3 |  4- 6 |  7- 9 | 10-12 | 13-15 || total
---------------------------+-------+-------+-------+-------+-------++-------
  Melee: War axe           |    53 |    93 |   205 |   484 |   845 ||  1680
         Headbutt          |     7 |    14 |    45 |   110 |   201 ||   377
  Evoke: Wand              |       |       |       |     1 |    23 ||    24
    Use: Scroll            |     3 |     5 |     3 |     3 |    10 ||    24
         Potion            |       |     3 |     5 |     1 |     4 ||    13
   Stab: Sleeping          |       |       |     2 |       |       ||     2
         Distracted        |       |       |       |     1 |     9 ||    10
 Armour: Scale mail        |    30 |    39 |   108 |     8 |       ||   185
         Chain mail        |       |       |       |   271 |   465 ||   736
  Dodge: Dodged            |    30 |    47 |   113 |   242 |   446 ||   878
  Block: Buckler           |    13 |    25 |    33 |       |    16 ||    87
         Kite shield       |       |       |    62 |   299 |   529 ||   890
